 Dungeon Crawl Stone Soup version 0.18.1-50-g88ac8fd (webtiles) character file.

272 grisgris the Thaumaturge (level 6, 0/32 HPs)
             Began as a Deep Elf Conjurer on Oct 28, 2016.
             Slain by Grinder (6 damage)
             ... while paralysed by Grinder
             ... on level 3 of the Dungeon.
             The game lasted 00:10:22 (2626 turns).

grisgris the Thaumaturge (Deep Elf Conjurer)        Turns: 2626, Time: 00:10:22

Health: 0/32       AC:  4    Str:  5    XL:     6   Next: 2%
Magic:  11/19      EV:  2    Int: 25    God:
Gold:   68         SH:  0    Dex: 15    Spells: 3 memorised, 15 levels left

rFire  . . .     SeeInvis .     e - +2 dagger (venom)
rCold  . . .     Gourm    .     g - +0 robe (curse)
rNeg   . . .     Faith    .     (no shield)
rPois  +         Spirit   .     h - +0 helmet {Int+3}
rElec  .         Dismiss  .     (no cloak)
rCorr  .         Reflect  .     (no gloves)
SustAt .         Harm     .     (no boots)
MR     .....                    (no amulet)
Stlth  ++........               i - ring of poison resistance
                                m - +1 ring of protection

@: paralysed, not resistant to hostile enchantments, unstealthy
A: no striking features
a: no special abilities


You were on level 3 of the Dungeon.
You were not hungry.

You visited 1 branch of the dungeon, and saw 3 of its levels.

You collected 68 gold pieces.

Inventory:

Hand Weapons
 e - a +2 dagger of venom (weapon)
Armour
 a - a +0 buckler
 g - a cursed +0 robe (worn)
 h - a +0 helmet of intelligence (worn)
Jewellery
 i - a ring of poison resistance (right hand)
 k - an uncursed ring of protection from cold
 m - a +1 ring of protection (left hand)
Wands
 u - a wand of disintegration (1/24)
 v - a wand of iceblast (6/15)
Scrolls
 j - a scroll of fear
 p - a scroll of random uselessness {unknown}
 q - a scroll of fog {unknown}
Potions
 n - a potion of lignification {unknown}
 o - 3 potions of magic {unknown}
 r - a potion of ambrosia {unknown}
 t - a potion of berserk rage {unknown}
Books
 b - a book of Conjurations

   Spells                             Type                      Level
   a - Magic Dart                     Conjuration                  1
   b - Searing Ray                    Conjuration                  2
   c - Dazzling Spray                 Conjuration/Hexes            3
   d - Fulminant Prism                Conjuration/Hexes            4
   e - Iskenderun's Mystic Blast      Conjuration                  4
   f - Iskenderun's Battlesphere      Conjuration/Charms           5
Comestibles
 c - 4 bread rations
 d - 2 meat rations
 f - a royal jelly
 l - a beef jerky
 s - 2 fruits


   Skills:
 - Level 2.4 Dodging
 - Level 2.4 Stealth
 + Level 8.5 Spellcasting
 - Level 4.3 Conjurations


You had 15 spell levels left.
You knew the following spells:

 Your Spells              Type           Power        Failure   Level  Hunger
a - Magic Dart            Conj           ####         1%          1    None
b - Searing Ray           Conj           ####..       1%          2    None
c - Iskenderun's Mystic   Conj           ####....     12%         4    ##.....


Dungeon Overview and Level Annotations

Branches:
Dungeon (3/15)

Altars:

Annotations:
D:3 Grinder


Message History

Press: ? - help, Shift-Dir - straight line, f/p - Grinder
Aim: Grinder (moderately wounded)
The searing ray misses Grinder.
Grinder blinks!
Casting: Searing Ray
Confirm with . or Enter, or press ? or * to list all spells.
Aiming: Magic Dart
Press: ? - help, Shift-Dir - straight line, f/p - Grinder
Aim: Grinder (moderately wounded)
The magic dart hits Grinder.
Grinder is heavily wounded.
Grinder gestures at you.
You suddenly lose the ability to move!
Grinder hits you!
You writhe in agony.
Grinder hits you!
You writhe in agony.
* * * LOW HITPOINT WARNING * * *
Grinder hits you but does no damage. Grinder hits you.
* * * LOW HITPOINT WARNING * * *
Grinder hits you.
You die...

.# #.#...##.........#
####......#.........#
##...8#8.#.........#####
#....#(#.#######........
#.#..8#8.# #....#####
##........#######.........
......##.##..........####
..#.####.##.#####....#
.#.<# ##....###.@5..##
##.####..#####..#...#
...###..## ##.##...#
.......## ###..##(..#
#...#######...###.(.#
##..........### #####
.##..######## #.##.#
...#.#


You could see Grinder.

Vanquished Creatures
  Sigmund (D:3)
  Jessica (D:2)
  An adder (D:3)
  2 worms
  A dart slug (D:2)
  A giant gecko (D:1)
  2 orcs (D:3)
  4 giant cockroaches
  4 goblins
  9 hobgoblins
  11 jackals
  2 quokkas (D:2)
  11 bats
  2 giant newts
  3 kobolds
  7 rats
62 creatures vanquished.

Notes
Turn   | Place    | Note
--------------------------------------------------------------
     0 | D:1      | grisgris the Deep Elf Conjurer began the quest for the Orb.
     0 | D:1      | Reached XP level 1. HP: 10/10 MP: 6/6
   121 | D:1      | Reached XP level 2. HP: 15/15 MP: 2/8
   125 | D:1      | Learned a level 2 spell: Searing Ray
   325 | D:1      | Reached skill level 4 in Spellcasting
  1017 | D:1      | Reached XP level 3. HP: 19/19 MP: 7/11
  1364 | D:2      | Reached skill level 5 in Spellcasting
  1498 | D:2      | Noticed Jessica
  1504 | D:2      | Killed Jessica
  1504 | D:2      | Reached XP level 4. HP: 17/24 MP: 6/13
  1803 | D:2      | Reached skill level 6 in Spellcasting
  1909 | D:2      | Learned a level 4 spell: Iskenderun's Mystic Blast
  2103 | D:3      | Noticed Sigmund
  2169 | D:3      | Killed Sigmund
  2169 | D:3      | Reached skill level 8 in Spellcasting
  2169 | D:3      | Reached XP level 5. HP: 28/28 MP: 5/17
  2203 | D:3      | Noticed Grinder
  2205 | D:3      | Paralysed by Grinder for 4 turns
  2219 | D:3      | Paralysed by Grinder for 5 turns
  2406 | D:3      | Reached XP level 6. HP: 32/32 MP: 13/19
  2620 | D:3      | Paralysed by Grinder for 7 turns
  2626 | D:3      | Slain by Grinder

Skill      XL: |  1  2  3  4 |
---------------+-------------+-----
Spellcasting   | 4 5 8 |  8.5
Dodging        | |  2.4
Stealth        | |  2.4
Conjurations   | |  4.3

Action                   |  1- 3 |  4- 6 || total
-------------------------+-------+-------++-------
Melee: Dagger            |    14 |     2 ||    16
 Cast: Magic Dart        |    77 |    59 ||   136
       Searing Ray       |     1 |     4 ||     5
       Iskenderun's Myst |       |     1 ||     1
  Use: Potion            |     5 |     3 ||     8
       Scroll            |     2 |       ||     2
 Stab: Invisible         |       |     1 ||     1
  Eat: Chunk             |     2 |     2 ||     4
       Fruit             |       |     1 ||     1
Armor: Robe              |     8 |    14 ||    22
Dodge: Dodged            |    21 |    22 ||    43
